 Seeded DCSS version 0.29.0-11-gd7f09526c8 (webtiles) character file.

Game seed: 3121381558354691732 (custom seed)

21333 purpskrrrp the Covert (level 13, 0/101 HPs)
             Began as a Human Hunter on Sept 7, 2022.
             Was a High Priest of Wu Jian.
             Slain by a wyvern (5 damage)
             ... on level 11 of the Dungeon.
             The game lasted 00:29:50 (12250 turns).

purpskrrrp the Covert (Human Hunter)               Turns: 12250, Time: 00:29:50

Health: 0/101      AC:  9    Str: 22    XL:     13   Next: 19%
Magic:  13/13      EV: 18    Int: 11    God:    Wu Jian [*****.]
Gold:   1326       SH: 17    Dex: 22    Spells: 12/12 levels left

rFire   . . .      SeeInvis +   e - +8 Vampire's Tooth {vamp}
rCold   . . .      Faith    .   N - +0 kite shield
rNeg    + + .      Spirit   .   i - +2 robe "Nuphul" {Will- Str+4 Dex+2 Stlth+}
rPois   .          Reflect  +   p - +2 helmet
rElec   .          Harm     .   (no cloak)
rCorr   .          Rampage  .   t - +1 pair of gloves
Will    .....      Rnd*Tele +   (no boots)
Stlth   +++++++...              r - amulet of reflection
HPRegen 0.26/turn               f - ring "Jeghub" {+Blink rN++ SInv}
MPRegen 0.13/turn               g - +6 ring of strength

@: about to teleport, slowed, very slow
A: teleportitis 1
a: Renounce Religion, Evoke Blink, Wall Jump, Serpent's Lash, Heavenly Storm


You were on level 11 of the Dungeon.
You worshipped Wu Jian.
Wu Jian was extremely pleased with you.
You visited 2 branches of the dungeon, and saw 13 of its levels.
You also visited: Bailey.

You collected 1326 gold pieces.

Inventory:

Hand Weapons
 a - a +1 shortbow of flaming
 e - the +8 Vampire's Tooth (weapon) {vamp}
   (You acquired it on level 1 of the Dungeon)

   It occasionally heals its wielder for the full amount of damage dealt when it
   wounds a living foe.
Missiles
 h - 5 throwing nets
Armour
 c - a +0 leather armour
 i - the +2 robe "Nuphul" (worn) {Will- Str+4 Dex+2 Stlth+}
   (You found it in a bailey)

   Str:       It affects your strength (+4).
   Dex:       It affects your dexterity (+2).
   Will:      It decreases your willpower.
   Stlth:     It makes you more stealthy.
 p - a +2 helmet (worn)
 t - a +1 pair of gloves (worn)
 N - a +0 kite shield (worn)
 R - +0 steam dragon scales
Jewellery
 f - the ring "Jeghub" (left hand) {+Blink rN++ SInv}
   (You acquired it on level 1 of the Dungeon)

   [ring of see invisible]

   rN:        It greatly protects you from negative energy.
   SInv:      It lets you see invisible.
   +Blink:    It lets you blink.
 g - a +6 ring of strength (right hand)
 q - a ring of see invisible
 r - an amulet of reflection (around neck)
 u - a ring of positive energy
 z - a ring of magical power
 I - a ring of resist corrosion
 L - a ring of ice
 M - an amulet of the acrobat
 O - a ring of protection from cold
 P - an amulet of regeneration
Wands
 s - a wand of mindburst (4)
 G - a wand of light (10) (quivered)
 Q - a wand of roots (9)
 S - a wand of digging (4)
Scrolls
 b - a scroll of immolation
 j - a scroll of enchant weapon
 l - 6 scrolls of amnesia
 m - 3 scrolls of teleportation
 n - a scroll of identify
 y - 4 scrolls of noise
 D - a scroll of butterflies
 K - a scroll of torment
Potions
 d - a potion of might
 k - 2 potions of magic
 o - a potion of invisibility
 v - 2 potions of brilliance
 w - a potion of flight
 x - 4 potions of curing
 A - a potion of cancellation
 B - 2 potions of attraction
 C - 2 potions of ambrosia
 E - 2 potions of berserk rage
 F - 3 potions of lignification
 H - 2 potions of degeneration
 J - a potion of haste


   Skills:
 + Level 9.2 Fighting
 * Level 10.4 Short Blades
 - Level 4.0 Ranged Weapons
 + Level 4.9 Armour
 + Level 9.3 Dodging
 + Level 13.6 Stealth
 * Level 8.0 Shields
 + Level 3.3 Evocations


You had 12 spell levels left.
You didn't know any spells.
Your spell library contained the following spells:

 Spells                   Type           Power      Damage    Failure   Level
 Sting                    Tmut/Pois      0%         1d3       65%         1
 Ensorcelled Hibernation  Hex/Ice        0%         N/A       78%         2
 Passwall                 Tmut/Erth      0%         N/A       78%         2
 Poisonous Vapours        Pois/Air       0%         N/A       78%         2
 Sublimation of Blood     Necr           0%         N/A       78%         2
 Gell's Gravitas          Tloc           0%         N/A       95%         3
 Portal Projectile        Hex/Tloc       0%         N/A       95%         3
 Swiftness                Air            0%         N/A       95%         3
 Teleport Other           Tloc           0%         N/A       95%         3
 Tukima's Dance           Hex            0%         N/A       95%         3
 Animate Dead             Necr           0%         N/A       100%        4
 Olgreb's Toxic Radiance  Pois           0%         N/A       100%        4
 Passage of Golubria      Tloc           0%         N/A       100%        4
 Petrify                  Tmut/Erth      0%         N/A       100%        4
 Blade Hands              Tmut           0%         N/A       100%        5
 Borgnjor's Vile Clutch   Necr/Erth      0%         N/A       100%        5
 Irradiate                Conj/Tmut      0%         3d11      100%        5
 Yara's Violent Unravell  Hex/Tmut       0%         3d3       100%        5
 Death Channel            Necr           0%         N/A       100%        6
 Dispersal                Tloc           0%         N/A       100%        6


Dungeon Overview and Level Annotations

Branches:
Dungeon (11/15)            Temple (0/1) D:6            Lair (2/5) D:10
 Bailey (visited)
  Swamp: Lair:2-3    Shoals: Lair:2-3     Snake: Lair:2-3    Spider: Lair:2-3
    Orc: D:9-12

Altars:
Ashenzari
Hepliaklqana
Nemelex Xobeh
Okawaru
Qazlal
Ru
Trog
Wu Jian
Yredelemnul

Shops:
D:3 *

Annotations:
D:8 2 transporters, 2 runed translucent doors, robertstho's ghost, novice VSBe


Innate Abilities, Weirdness & Mutations

You are occasionally teleported next to monsters.


Message History

The wraith is almost destroyed.
You block the wyvern's attack. You block the wraith's attack.
The wraith hits you.
* * * LOW HITPOINT WARNING * * *
The wraith drains your vigour!
You feel as though you will be slow longer.
You block the wraith's attack. x2
You hit the wraith but do no damage.
The wraith is almost destroyed.
You block the wyvern's attack.
You closely miss the wraith.
The wraith is almost destroyed.
The wyvern completely misses you. The wraith hits you.
* * * LOW HITPOINT WARNING * * *
The wraith drains your vigour!
You feel as though you will be slow longer.
You block the wraith's attack. x3
You spin and attack the wraith repeatedly.
You completely miss the wraith. You hit the wraith but do no damage.
You spin and attack the wraith repeatedly.
You hit the wraith.
The wraith is moderately damaged.
You hit the wraith.
The wraith is heavily damaged.
You block the wyvern's attack. The wraith hits you!
* * * LOW HITPOINT WARNING * * *
The wraith drains your vigour!
You feel as though you will be slow longer.
The wraith misses you. You block the wyvern's attack.
Okay, then.
Really read the scroll of immolation?
As you read the scroll of immolation, it crumbles to dust.
The creatures around you are filled with an inner flame!
You block the wraith's attack. x2; The wraith barely misses you.
The wyvern misses you. The wraith barely misses you.
You block the wraith's attack. The wraith completely misses you.
You block the wyvern's attack.
As you read the scroll of teleportation, it crumbles to dust.
You feel strangely unstable. The wyvern bites you.
You die...

#....#(......
##........... ###
####........... #...
#........>...<. #....
#......#.......
.)...######...####.......
.......).................
.......WWW...)...........
>......l@..........).....
.##....W.....#....###....
.............#....###....
.............##.........#
!..######...####........#
... #...# #........# #
#...# #........# #####
##........ #......[.


You could see 4 wraiths and a wyvern (inner flame).

Vanquished Creatures
  Josephine (D:11)
  A hydra (Lair:1)
  A boulder beetle (D:11)
  2 two-headed ogres
  Pikel (D:6)
  An oklob plant (Lair:1)
  A manticore (D:11)
  2 black mambas (Lair:1)
  A kobold demonologist (D:10)
  7 cane toads
  3 komodo dragons
  An unseen horror (D:11)
  2 trolls (D:11)
  5 dream sheep (Lair:1)
  Sigmund (D:4)
  2 shadows (D:8)
  A spriggan (Lair:1)
  25 yaks
  6 wraiths
  A basilisk (Lair:1)
  2 fire bats (D:8)
  Grum (D:8)
  A steam dragon (D:8)
  3 acid dragons
  5 orc warriors
  7 water moccasins
  An ice beast (D:7)
  A black bear (Lair:1)
  A sky beast (D:7)
  4 ogres
  16 wolves
  2 centaurs
  5 kobold brigands (Bailey)
  A phantom (D:6)
  Blork the orc (D:6)
  A gnoll sergeant (D:10)
  5 bullfrogs
  3 necrophages
  3 scorpions
  4 wights (D:9)
  A jelly (D:5)
  3 hounds
  5 orc priests
  A gnoll bouda (D:4)
  Ijyb (D:5)
  3 iguanas
  11 orc wizards
  Robin (D:4)
  10 gnolls
  6 adders
  A white imp (D:6)
  An ufetubus (D:5)
  6 worms
  A dart slug (D:3)
  33 orcs
  6 endoplasms
  4 giant cockroaches
  20 goblins
  10 hobgoblins
  10 jackals
  12 kobolds
  A quokka (D:4)
  3 ball pythons
  23 bats
  3 frilled lizards
  5 rats
313 creatures vanquished.

Vanquished Creatures (others)
  16 fungi
  10 plants
26 creatures vanquished.

Grand Total: 339 creatures vanquished

Notes
Turn   | Place    | Note
-------+----------+-------------------------------------------
     0 | D:1      | purpskrrrp the Human Hunter began the quest for the Orb.
     0 | D:1      | Reached XP level 1. HP: 16/16 MP: 1/1
   158 | D:1      | Found a faded altar of an unknown god.
   159 | D:1      | Identified 3 scrolls of acquirement
   159 | D:1      | Acquired a manual of Stealth
   160 | D:1      | Acquired the ring "Jeghub" {+Blink rN++ SInv}
   171 | D:1      | Got Plato's Secrets of Vitiation
   182 | D:1      | Prayed at the altar of an unknown god.
   182 | D:1      | Became a worshipper of the Wu Jian Council
   182 | D:1      | Reached * piety under Wu Jian
   183 | D:1      | Acquired the +8 Vampire's Tooth {vamp}
   183 | D:1      | Found the +8 Vampire's Tooth {vamp}
   246 | D:1      | Reached XP level 2. HP: 16/22 MP: 2/2
   652 | D:2      | Reached skill level 2 in Stealth
   652 | D:2      | Reached XP level 3. HP: 27/27 MP: 3/3
   655 | D:2      | Reached skill level 1 in Short Blades
   929 | D:2      | Reached ** piety under Wu Jian
   963 | D:2      | Found a bloodstained altar of Trog.
  1114 | D:2      | Reached XP level 4. HP: 34/34 MP: 4/4
  1509 | D:3      | Reached skill level 3 in Stealth
  1590 | D:3      | Found Isonomam's Assorted Antiques.
  1644 | D:3      | Noticed an ogre
  1653 | D:3      | Killed an ogre
  1654 | D:3      | Reached XP level 5. HP: 6/41 MP: 5/5
  2153 | D:3      | Reached skill level 4 in Stealth
  2266 | D:4      | Noticed Sigmund
  2278 | D:4      | Killed Sigmund
  2279 | D:4      | Reached XP level 6. HP: 48/48 MP: 6/6
  2360 | D:4      | Reached skill level 5 in Stealth
  2376 | D:4      | Noticed an ogre
  2382 | D:4      | Killed an ogre
  2383 | D:4      | Reached XP level 7. HP: 53/53 MP: 7/7
  2410 | D:4      | Found an iron altar of Okawaru.
  2491 | D:4      | Reached *** piety under Wu Jian
  2796 | D:4      | Reached skill level 6 in Stealth
  2932 | D:4      | Noticed Robin
  2960 | D:4      | Killed Robin
  2996 | D:4      | Reached XP level 8. HP: 61/61 MP: 8/8
  3414 | D:5      | Entered Level 5 of the Dungeon
  3625 | D:5      | Reached **** piety under Wu Jian
  3654 | D:5      | Reached skill level 5 in Fighting
  3654 | D:5      | Reached skill level 7 in Stealth
  3659 | D:5      | Reached skill level 5 in Dodging
  4069 | D:5      | Noticed Ijyb
  4080 | D:5      | Killed Ijyb
  4388 | D:6      | Noticed Blork the orc
  4406 | D:6      | Killed Blork the orc
  4494 | D:6      | Reached XP level 9. HP: 55/68 MP: 9/9
  4494 | D:6      | Found a staircase to the Ecumenical Temple.
  4501 | D:6      | Reached skill level 5 in Short Blades
  4501 | D:6      | Reached skill level 8 in Stealth
  4930 | D:6      | Noticed Pikel
  4950 | D:6      | Killed Pikel
  4951 | D:6      | Reached skill level 9 in Stealth
  5433 | D:7      | Reached skill level 10 in Stealth
  5433 | D:7      | Reached XP level 10. HP: 24/77 MP: 10/10
  5723 | D:7      | Found a stormy altar of Qazlal.
  6070 | D:8      | Found a transporter.
  6071 | D:8      | Found a transporter.
  6075 | D:8      | Found a bloodstained altar of Trog.
  6075 | D:8      | Noticed a moth of wrath
  6086 | D:8      | Noticed a two-headed ogre
  6105 | D:8      | Noticed robertstho's ghost (novice VSBe)
  6203 | D:8      | Reached skill level 1 in Shields
  6452 | D:8      | Found a runed translucent door.
  6456 | D:8      | Found a basalt altar of Yredelemnul.
  6466 | D:8      | Noticed Grum
  6523 | D:8      | Killed Grum
  6638 | D:8      | Found a sacrificial altar of Ru.
  6879 | D:8      | Reached ***** piety under Wu Jian
  6912 | D:8      | Found an ornate altar of the Wu Jian Council.
  6933 | D:8      | Found a runed translucent door.
  6967 | D:8      | Reached skill level 11 in Stealth
  7054 | D:8      | Found a broken altar of Ashenzari.
  7074 | D:8      | Found a sparkling altar of Nemelex Xobeh.
  7095 | D:8      | Found a stormy altar of Qazlal.
  7131 | D:8      | Found a hazy altar of Hepliaklqana.
  7140 | D:8      | Found a bloodstained altar of Trog.
  7205 | D:8      | Noticed a flayed ghost
  7301 | D:9      | You fall into a shaft and drop 1 floor!
  7301 | D:10     | Entered Level 10 of the Dungeon
  7394 | D:10     | Reached XP level 11. HP: 76/86 MP: 11/11
  7427 | D:9      | Found a flagged portal.
  7437 | Bailey   | Entered a bailey
  7455 | Bailey   | Reached skill level 1 in Armour
  7492 | Bailey   | Identified the +2 robe "Nuphul" {Will- Str+4 Dex+2 Stlth+}
  7507 | Bailey   | Found a burning altar of Makhleb.
  8043 | D:9      | Reached skill level 12 in Stealth
  8328 | D:10     | Reached skill level 5 in Shields
  8586 | D:10     | Noticed a two-headed ogre
  8594 | D:10     | Killed a two-headed ogre
  8650 | D:10     | Found a staircase to the Lair.
  8914 | D:10     | Noticed a soul eater
  9018 | Lair:1   | Entered Level 1 of the Lair of Beasts
  9439 | Lair:1   | Reached XP level 12. HP: 94/94 MP: 12/12
 10072 | Lair:1   | Reached skill level 1 in Evocations
 10513 | Lair:1   | Noticed a seven-headed hydra
 10515 | Lair:1   | Killed a seven-headed hydra
 10516 | Lair:1   | Reached skill level 13 in Stealth
 11504 | Lair:2   | Reached skill level 10 in Short Blades
 11974 | D:11     | Noticed a two-headed ogre
 12013 | D:11     | Killed a two-headed ogre
 12046 | D:11     | Reached XP level 13. HP: 98/101 MP: 13/13
 12096 | D:11     | Gained mutation: You are occasionally teleported next to
                  | monsters. [potion of mutation]
 12139 | D:11     | Noticed a boulder beetle
 12143 | D:11     | Killed a boulder beetle
 12197 | D:11     | Noticed Josephine
 12233 | D:11     | Killed Josephine
 12248 | D:11     | HP: 4/101 [wraith[Josephine] (11)]
 12250 | D:11     | Slain by a wyvern

Illustrated notes

Levels and vault maps discovered:
D:1:      minmay_arrival_glassed_features, layout_loops_ring,
          shapermc_ecumenical_altar_rom_forum, nicolae_kite_square_tiling_tiny
D:2:      layout_basic, basic_altar
D:3:      layout_rooms, serial_shops, nicolae_shop_hallway_stairs
D:4:      layout_basic, okawaru_altar_gauntlet_db, dreamdust_gnoll_farm,
          uniq_sigmund, uniq_robin
D:5:      layout_loops_ring, nicolae_sextant, uniq_ijyb
D:6:      layout_basic, minmay_temple_entry_junction, uniq_pikel,
          uniq_blork_the_orc
D:7:      layout_cave_pools, overflow_temple_1_default
D:8:      due_megacathedral, layout_gridville, nicolae_ru_sacrificial_ziggurat,
          overflow_temple_1_default, dk_yredelemnul_ordeal,
          gammafunk_ghost_wrathful_warriors, uniq_grum
D:9:      layout_roguey, enter_bailey_3, minmay_misc_feat_cross, chequers_garden
D:10:     layout_grid_maze, lair_entry_dummy
D:11:     layout_cross, roderic_batcave, uniq_josephine
Lair:1:   layout_misc_corridors, minmay_lair_oklob_bushes,
          grunt_forest_large_clearing_hut
Lair:2:   layout_regular_city, grunt_forest_large_clearings, grunt_megastairs_4

Skill      XL: |  1  2  3  4  5  6  7  8  9 10 11 12 13 |
---------------+----------------------------------------+-----
Stealth        | 2 3 4 5 6 7 10 11 12 13 | 13.6
Short Blades   | 1 2 3 4 6 7 9 10 | 10.4
Fighting       | 3 4 5 6 7 8 9 |  9.2
Dodging        | 3 4 5 6 7 8 9 |  9.3
Shields        | 3 6 7 8 |  8.0
Armour         | 3 4 |  4.9
Evocations     | 2 3 |  3.3
Ranged Weapons | |  4.0

Action                   |  1- 3 |  4- 6 |  7- 9 | 10-12 | 13-15 || total
-------------------------+-------+-------+-------+-------+-------++-------
Melee: Quick blade       |    73 |    63 |   363 |   894 |    87 ||  1480
       Punch             |       |       |     2 |     1 |       ||     3
 Fire: Shortbow          |     2 |       |       |       |       ||     2
Invok: Lunge             |    11 |     9 |    19 |    27 |     1 ||    67
       Whirlwind         |       |       |     4 |    12 |     4 ||    20
       Heavenly Storm    |       |       |       |     1 |       ||     1
 Abil: Evoke Blink       |       |     1 |       |       |       ||     1
       Wall Jump         |       |       |       |     3 |     1 ||     4
Evoke: Wand              |       |       |       |    10 |       ||    10
  Use: Scroll            |     3 |       |    16 |     6 |    15 ||    40
       Potion            |       |       |       |     4 |     1 ||     5
 Stab: Sleeping          |     1 |    12 |    14 |    33 |     4 ||    64
       Distracted        |       |       |       |     1 |       ||     1
Armor: Leather armour    |    14 |     4 |    32 |     5 |       ||    55
       Steam dragon scal |       |       |       |    22 |       ||    22
       Robe              |       |       |       |    54 |    12 ||    66
Dodge: Dodged            |    30 |    19 |   113 |   312 |    40 ||   514
Block: Other             |       |     2 |    51 |       |       ||    53
       Kite shield       |       |       |       |   485 |    70 ||   555
       Reflection        |       |       |       |     6 |       ||     6
